 Dungeon Crawl Stone Soup version 0.22.0 (webtiles) character file.

5506 GroovyGamera the Cleaver (level 10, -16/139 HPs)
             Began as a Minotaur Berserker on Aug 13, 2018.
             Was a High Priest of Trog.
             Killed from afar by Josephine (26 damage)
             ... with a ghostly fireball
             ... on level 10 of the Dungeon.
             The game lasted 00:18:30 (7675 turns).

GroovyGamera the Cleaver (Minotaur Berserker)       Turns: 7675, Time: 00:18:31

Health: -16/139    AC: 11    Str: 29    XL:     10   Next: 42%
Magic:  9/9        EV: 11    Int:  4    God:    Trog [*****.]
Gold:   495        SH:  0    Dex: 11    Spells: 9/9 levels left

rFire    . . .     SeeInvis .   I - +0 battleaxe (curse)
rCold    + . .     Gourm    .   (shield currently unavailable)
rNeg     . . .     Faith    .   q - +0 chain mail
rPois    .         Spirit   .   (helmet restricted)
rElec    .         Reflect  .   u - +0 cloak
rCorr    .         Harm     .   (no gloves)
MR       ++...                  (no boots)
Stlth    ..........             (no amulet)
HPRegen  1.33/turn              G - ring of protection from cold
MPRegen  0.11/turn              l - +3 ring of evasion

@: berserking (expiring), regenerating, slowed, very heavily drained
A: retaliatory headbutt, horns 2
a: Berserk, Trog's Hand, Brothers in Arms, Renounce Religion


You were on level 10 of the Dungeon.
You worshipped Trog.
Trog was extremely pleased with you.
You were hungry.

You visited 1 branch of the dungeon, and saw 10 of its levels.

You collected 495 gold pieces.

Inventory:

Hand Weapons
 y - a +0 war axe
 I - a cursed +0 battleaxe (weapon)
Missiles
 t - 5 throwing nets
 H - 3 poisoned javelins (quivered)
Armour
 q - a +0 chain mail (worn)
 u - a +0 cloak (worn)
 F - a +0 buckler
Jewellery
 l - a +3 ring of evasion (right hand)
 m - an uncursed ring of positive energy
 o - an uncursed ring of stealth
 G - a ring of protection from cold (left hand)
 M - a +3 ring of protection {unknown}
Wands
 x - a wand of random effects (23)
 z - a wand of flame (16)
 E - a wand of scattershot (6)
 J - a wand of iceblast (12)
Scrolls
 a - 3 scrolls of enchant weapon {unknown}
 e - 7 scrolls of identify
 f - a scroll of random uselessness {unknown}
 h - 6 scrolls of fear
 i - a scroll of amnesia
 p - 6 scrolls of teleportation {unknown}
 w - 2 scrolls of blinking {unknown}
 A - 2 scrolls of fog {unknown}
 B - 4 scrolls of remove curse
 C - 2 scrolls of immolation {unknown}
 K - a scroll of enchant armour {unknown}
 L - 2 scrolls of noise {unknown}
Potions
 b - a potion of agility {unknown}
 d - 3 potions of cancellation
 g - 5 potions of curing
 j - 4 potions of brilliance {unknown}
 k - 3 potions of lignification {unknown}
 n - a potion of flight {unknown}
 r - a potion of degeneration {unknown}
 s - a potion of might {unknown}
 v - a potion of mutation {unknown}
 D - a potion of heal wounds {unknown}
 N - a potion of resistance {unknown}
Comestibles
 c - 18 rations


   Skills:
 + Level 10.2(6.8) Fighting
 + Level 11.3(7.8) Axes
 + Level 9.8(6.4) Armour
 - Level 2.1(0.0) Dodging
 * Level 6.8(3.7) Shields


You had 9 spell levels left.
You didn't know any spells.
Your spell library was empty.

Dungeon Overview and Level Annotations

Branches:
Dungeon (10/15)            Temple (0/1) D:6            Lair (0/6) D:9
    Orc: D:9-12

Altars:
Ashenzari
Cheibriados
Dithmenos
Fedhas
Nemelex Xobeh
Okawaru
Qazlal
Ru
Sif Muna
Trog
Vehumet
Wu Jian
Xom
Yredelemnul
The Shining One

Shops:
D:8 *

Annotations:
D:10 Josephine


Innate Abilities, Weirdness & Mutations

You reflexively headbutt those who attack you in melee.
You have a pair of horns on your head.


Message History

You headbutt Josephine, but do no damage.
Josephine is almost dead.
You slash something! Something hits you but does no damage.
Josephine hits you with a vampiric dagger.
* * * LOW HITPOINT WARNING * * *
Josephine draws strength from your wounds!
Something hits you but does no damage.
Your chain mail prevents you from hitting something.
Your headbutt misses something. You slash Josephine!
Something hits you but does no damage.
Josephine points at you and mumbles some strange words.
The ghostly flame explodes!
The ghostly fireball engulfs you!
You feel drained.
* * * LOW HITPOINT WARNING * * *
The ghostly fireball engulfs Josephine.
Josephine completely resists.
The ghostly fireball engulfs something.
Reactivating autopickup.
You feel a bit more experienced. Josephine casts a spell at you.
The ghostly flame explodes!
The ghostly fireball engulfs you!
You feel drained.
You die...

≈≈≈≈≈≈≈≈≈≈≈≈≈≈≈#
≈≈≈≈≈≈≈≈≈≈≈≈≈≈≈≈≈≈≈≈≈≈≈≈
≈≈≈≈≈≈≈≈≈≈≈≈≈≈≈≈≈≈≈≈≈≈≈≈
.........≈≈≈≈≈≈≈≈≈≈≈≈≈≈≈
......Y......).≈≈≈≈≈≈≈≈≈
....YYY............≈≈≈≈≈
.YoWY.................
##.@##.......####.###
#.oW@.......(###...##
#..##..#.....##.....# #.
#..#.....###...#.
#..##$.#.............
#.........##.####.##.
#.####.......# #.###
#.#.##### ##'## #.#.#
##...## ....# ##.....#


You could see Josephine, 2 wraiths, 6 ice beasts, an orc priest and an orc.

Vanquished Creatures
  Psyche (D:7)
  A troll (D:9)
  2 hippogriffs (D:9)
  A spriggan (D:8)
  A wraith (D:10)
  A hungry ghost (D:8)
  A steam dragon (D:9)
  Duvessa (D:6)
  A sky beast (D:6)
  A necrophage (D:6)
  3 orc warriors
  2 ice beasts
  2 black bears (D:7)
  3 ogres
  2 phantoms
  A crocodile (D:9)
  3 bullfrogs
  Dowan (D:6)
  5 scorpions
  4 killer bees (D:9)
  3 howler monkeys
  A bullfrog zombie (D:5)
  A crimson imp (D:8)
  2 jellies
  2 hounds
  13 orc wizards
  2 gnoll shamans (D:3)
  A bullfrog skeleton (D:9)
  6 orc priests
  2 centaur skeletons
  An iron imp (D:9)
  2 iguanas (D:5)
  6 worker ants
  A killer bee zombie (D:8)
  A hound skeleton (D:4)
  12 adders
  38 gnolls (D:3)
  2 river rats (D:4)
  2 shadow imps
  2 oozes
  4 worms
  3 dart slugs
  6 leopard geckos
  32 orcs
  5 bats
  6 giant cockroaches
  7 goblins
  3 hobgoblins (D:1)
  16 jackals (D:3)
  4 kobolds
  3 quokkas
  A ball python (D:3)
  3 goblin zombies (D:9)
  5 hobgoblin zombies (D:9)
  A jackal skeleton (D:6)
  A kobold skeleton (D:9)
  A leopard gecko skeleton (D:4)
  An orc skeleton (D:9)
  An orc zombie (D:9)
  4 rats
  2 plants (D:9)
246 creatures vanquished.

Vanquished Creatures (others)
  An orc wizard (D:10)
1 creature vanquished.

Grand Total: 247 creatures vanquished

Notes
Turn   | Place    | Note
-------+----------+-------------------------------------------
     0 | D:1      | GroovyGamera the Minotaur Berserker began the quest for the Orb.
     0 | D:1      | Reached XP level 1. HP: 19/19 MP: 0/0
   143 | D:1      | Reached XP level 2. HP: 27/27 MP: 1/1
   323 | D:1      | Reached skill level 4 in Axes
   753 | D:2      | Reached XP level 3. HP: 31/33 MP: 2/2
   848 | D:2      | Found an iron altar of Okawaru.
  1215 | D:2      | Found a shadowy altar of Dithmenos.
  1315 | D:3      | Reached ** piety under Trog
  1333 | D:3      | Reached XP level 4. HP: 35/41 MP: 3/3
  1434 | D:3      | Found an ornate altar of the Wu Jian Council.
  1728 | D:3      | Found a shimmering altar of Xom.
  1788 | D:3      | Found a shattered altar of Ashenzari.
  2087 | D:3      | Reached skill level 5 in Fighting
  2087 | D:3      | Reached skill level 5 in Axes
  2087 | D:3      | Reached XP level 5. HP: 40/48 MP: 4/4
  2416 | D:3      | Reached XP level 6. HP: 29/56 MP: 5/5
  2440 | D:3      | Reached skill level 5 in Armour
  2525 | D:3      | Reached *** piety under Trog
  2594 | D:3      | Reached skill level 6 in Axes
  2700 | D:3      | Reached XP level 7. HP: 59/63 MP: 6/6
  3016 | D:4      | Found a stormy altar of Qazlal.
  3150 | D:4      | Found a glowing drain.
  3354 | D:4      | Reached skill level 7 in Axes
  3630 | D:4      | Reached XP level 8. HP: 66/73 MP: 7/7
  3914 | D:5      | Entered Level 5 of the Dungeon
  4151 | D:5      | Reached **** piety under Trog
  4247 | D:5      | Reached skill level 8 in Axes
  4422 | D:5      | Found a sparkling altar of Nemelex Xobeh.
  4648 | D:6      | HP: 1/74 [orc wizard/puff of flame (10)]
  4654 | D:6      | Reached skill level 9 in Axes
  4874 | D:6      | Found a staircase to the Ecumenical Temple.
  4878 | D:6      | Found a bloodstained altar of Trog.
  4901 | D:6      | Noticed Duvessa
  4901 | D:6      | Noticed Dowan
  4909 | D:6      | Killed Duvessa
  4911 | D:6      | Reached XP level 9. HP: 82/82 MP: 8/8
  4911 | D:6      | Killed Dowan
  4970 | D:6      | Found a snail-covered altar of Cheibriados.
  5031 | D:6      | Found a blossoming altar of Fedhas.
  5122 | D:6      | Reached skill level 10 in Axes
  5197 | D:6      | Found a shadowy altar of Dithmenos.
  5644 | D:7      | Reached skill level 1 in Shields
  5806 | D:7      | Found a deep blue altar of Sif Muna.
  6035 | D:8      | Noticed Psyche
  6052 | D:7      | Killed Psyche
  6167 | D:8      | Received a gift from Trog
  6358 | D:8      | Reached XP level 10. HP: 92/92 MP: 9/9
  6486 | D:8      | Found Gydisy's Elemental Accessories.
  6564 | D:9      | Reached skill level 5 in Shields
  6571 | D:9      | Found a glowing golden altar of the Shining One.
  6599 | D:9      | Reached ***** piety under Trog
  6607 | D:9      | Reached skill level 11 in Axes
  6644 | D:9      | Found a staircase to the Lair.
  6674 | D:9      | Found a radiant altar of Vehumet.
  6736 | D:9      | Reached skill level 10 in Fighting
  6764 | D:9      | Found a sacrificial altar of Ru.
  7475 | D:9      | Found a basalt altar of Yredelemnul.
  7569 | D:10     | Entered Level 10 of the Dungeon
  7656 | D:10     | Noticed Josephine
  7675 | D:10     | Killed from afar by Josephine

Skill      XL: |  1  2  3  4  5  6  7  8  9 10 |
---------------+-------------------------------+-----
Fighting       | 4 5 6 7 8 9 10 | 10.2
Axes           | 4 5 6 7 9 10 11 | 11.3
Armour         | 3 4 5 6 8 9 |  9.8
Shields        | 4 6 |  6.8
Dodging        | |  2.1

Action                   |  1- 3 |  4- 6 |  7- 9 | 10-12 || total
-------------------------+-------+-------+-------+-------++-------
Melee: Hand axe          |    70 |   145 |   137 |       ||   352
       Headbutt          |     8 |    26 |    66 |    31 ||   131
       War axe           |       |       |   181 |       ||   181
       Battleaxe         |       |       |    11 |   115 ||   126
Invok: Trog's Hand       |       |     2 |     5 |     3 ||    10
       Berserk           |       |     1 |     1 |     1 ||     3
  Use: Scroll            |       |       |     5 |       ||     5
       Potion            |       |       |     1 |       ||     1
  Eat: Chunk             |     1 |     7 |    15 |     3 ||    26
       Ration            |       |       |     1 |     1 ||     2
Armor: Animal skin       |     8 |       |       |       ||     8
       Chain mail        |    16 |    64 |   151 |    59 ||   290
       Ring mail         |     5 |       |       |       ||     5
Dodge: Dodged            |    71 |    97 |   163 |   100 ||   431
Block: Buckler           |       |       |    15 |       ||    15
